 Dungeon Crawl Stone Soup version 0.24.0-13-gcf9b319 (webtiles) character file.

Game seed: 13790703922184336055, levelgen mode: deterministic

15705 Fang the Fighter (level 12, -4/80 HPs)
             Began as a Gargoyle Berserker on Nov 20, 2019.
             Was a High Priest of Trog.
             Slain by a komodo dragon (6 damage)
             ... on level 2 of the Lair of Beasts.
             The game lasted 00:17:23 (12285 turns).

Fang the Fighter (Gargoyle Berserker)              Turns: 12285, Time: 00:17:24

Health: -4/80      AC: 29    Str: 24    XL:     12   Next: 29%
Magic:  12/12      EV:  7    Int: 10    God:    Trog [*****.]
Gold:   661        SH: 10    Dex:  9    Spells: 11/11 levels left

rFire    + . .     SeeInvis +   z - +9 mace "Qenoh" {crush, rF+}
rCold    + . .     Gourm    .   C - +0 shield
rNeg     + . .     Faith    .   b - +0 plate armour
rPois    ∞         Spirit   .   r - +2 helmet {SInv}
rElec    +         Reflect  +   y - +1 cloak {+Inv}
rCorr    +         Harm     .   (no gloves)
MR       ++...                  (no boots)
Stlth    ..........             E - +3 amulet of reflection
HPRegen  1.23/turn              g - ring of resist corrosion
MPRegen  0.13/turn              i - ring of protection from cold

@: berserk cooldown, regenerating, slowed, very slow
A: negative energy resistance 1, electricity resistance, unbreathing,
petrification resistance, rot immunity, AC +8
a: Berserk, Trog's Hand, Brothers in Arms, Renounce Religion, Evoke Invisibility


You were on level 2 of the Lair of Beasts.
You worshipped Trog.
Trog was extremely pleased with you.
You were not hungry.

You visited 3 branches of the dungeon, and saw 13 of its levels.
You also visited: Ossuary.

You collected 801 gold pieces.
You spent 140 gold pieces at shops.

Inventory:

Hand Weapons
 a - a +5 war axe
 z - the +9 mace "Qenoh" (weapon) {crush, rF+}
   (You found it on level 5 of the Dungeon)

   It inflicts extra damage upon your enemies.
   It protects you from fire.
Armour
 b - a +0 plate armour (worn)
 r - a +2 helmet of see invisible (worn)
 y - a +1 cloak of invisibility (worn)
 C - a +0 shield (worn)
Jewellery
 d - an uncursed amulet of regeneration
 g - a ring of resist corrosion (left hand)
 i - a ring of protection from cold (right hand)
 l - an uncursed amulet of guardian spirit
 m - a +2 ring of evasion
 x - an uncursed ring of ice
 E - a +3 amulet of reflection (around neck)
 H - an uncursed ring of ice
Wands
 q - a wand of iceblast (9)
 F - a wand of disintegration (17)
 G - a wand of polymorph (10)
Scrolls
 f - a scroll of fear
 h - 4 scrolls of remove curse
 k - 4 scrolls of identify
 n - a scroll of magic mapping
 w - 2 scrolls of teleportation
Potions
 e - 2 potions of resistance
 j - 2 potions of flight
 o - a potion of ambrosia
 p - a potion of haste
 s - a potion of berserk rage
 t - a potion of lignification
 u - 3 potions of heal wounds
 v - 7 potions of curing
 A - a potion of magic
 B - 3 potions of brilliance
 D - a potion of agility
Comestibles
 c - 20 rations


   Skills:
 + Level 11.2 Fighting
 + Level 9.5 Axes
 + Level 11.0 Armour
 + Level 8.5 Dodging


You had 11 spell levels left.
You didn't know any spells.
Your spell library was empty.

Dungeon Overview and Level Annotations

Branches:
Dungeon (10/15)            Temple (1/1) D:4            Lair (2/6) D:8
    Orc (0/2) D:9         Ossuary (visited)
  Swamp: Lair:2-4    Shoals: Lair:2-4     Snake: Lair:2-4    Spider: Lair:2-4

Altars:
Nemelex Xobeh
Qazlal
Ru
Xom
Zin
The Shining One
Jiyva

Shops:
D:4 =   D:7 =!**%   D:8 }


Innate Abilities, Weirdness & Mutations

You are resistant to torment.
Your stone body is resilient. (AC +8)
You are immune to poison.
You resist negative energy. (rN+)
You are resistant to electric shocks. (rElec)
You can survive without breathing.
You are immune to petrification.
You are immune to rotting.


Message History

The wolf bites you but does no damage. The spiny frog stings you.
* * * LOW HITPOINT WARNING * * *
The elephant tramples you.
* * * LOW HITPOINT WARNING * * *
You hold your ground!
The elephant trunk-slaps you but does no damage.
You block the elephant's attack. x2; The wolf bites you.
* * * LOW HITPOINT WARNING * * *
The swamp worm throws harpoon shot at you.
The harpoon shot reflects off an invisible shield around you!
The harpoon shot hits the swamp worm!
You block the komodo dragon's attack.
The bullfrog hits you but does no damage.
The spiny frog barely misses you. The wolf bites you but does no damage.
The swamp worm throws harpoon shot at you.
The harpoon shot hits you but does no damage.
The elephant tramples you but does no damage.
The elephant trunk-slaps you but does no damage.
The elephant closely misses you. The elephant barely misses you.
The komodo dragon bites you.
You die...

#...........#.♣
##.....†.......♣
#....#..<...P..♣
#.....#........♣
##.........#...♣
...............$♣
.......h.........
...##.FlY...##...
#. #Sh@Y..$# ...
# ##F.P..##
#...#.# .##.#..w
.. .##P... ... ..
.... ..#. .. ...
... #..


You could see 2 elephants, a komodo dragon, a spiny frog, a swamp worm, a water
moccasin, 2 wolves and a bullfrog.

Vanquished Creatures
  Fannar (D:10)
  Erolcha (D:10)
  Erica (D:10)
  Urug (D:10)
  A two-headed ogre (D:10)
  An elephant (Lair:2)
  Joseph (D:10)
  2 spiny frogs
  Prince Ribbit (D:9)
  4 hippogriffs
  17 yaks
  Eustachio (D:5)
  A steam dragon (D:9)
  A hungry ghost (D:10)
  Grum (D:10)
  3 wargs
  2 water moccasins
  2 ice beasts (D:7)
  8 orc warriors
  A sky beast (D:9)
  A phantom (D:8)
  4 black bears
  2 eyes of draining
  3 ogres
  4 wolves (D:10)
  A centaur (D:6)
  A crocodile (D:9)
  A big kobold (D:8)
  The ghost of grumblor the Ducker, an amateur SpGl (D:4)
  11 bullfrogs
  2 gnoll sergeants
  3 elf skeletons (D:7)
  A scorpion (D:8)
  12 killer bees
  5 howler monkeys
  3 electric eels (Lair:1)
  A bullfrog zombie (D:8)
  A centaur zombie (Ossuary)
  10 crimson imps
  2 quasits
  Crazy Yiuf (D:5)
  8 hounds
  9 orc wizards
  A bullfrog skeleton (D:10)
  6 orc priests
  A centaur skeleton (D:7)
  4 jellies
  2 iguanas
  9 worker ants
  2 big kobold zombies (Ossuary)
  A hound skeleton (D:7)
  2 mummies (Ossuary)
  10 adders
  21 gnolls
  10 oozes
  2 adder skeletons
  An adder zombie (D:5)
  6 worms
  4 dart slugs
  5 leopard geckos
  27 orcs
  3 ball pythons
  12 bats
  10 giant cockroaches
  6 goblins
  8 hobgoblins
  2 jackals (D:2)
  5 quokkas
  10 frilled lizards
  2 gnoll zombies (Ossuary)
  2 goblin zombies (Ossuary)
  3 hobgoblin zombies (Ossuary)
  14 kobolds
  2 orc skeletons (D:7)
  5 orc zombies
  A quokka zombie (D:8)
  13 rats
350 creatures vanquished.

Vanquished Creatures (collateral kills)
  A water moccasin (Lair:2)
1 creature vanquished.

Vanquished Creatures (others)
  A centaur (D:8)
  A water moccasin skeleton (D:9)
2 creatures vanquished.

Grand Total: 353 creatures vanquished

Notes
Turn   | Place    | Note
-------+----------+-------------------------------------------
     0 | D:1      | Fang the Gargoyle Berserker began the quest for the Orb.
     0 | D:1      | Reached XP level 1. HP: 14/14 MP: 1/1
    22 | D:1      | Reached XP level 2. HP: 14/19 MP: 2/2
   216 | D:1      | Reached XP level 3. HP: 9/23 MP: 3/3
   814 | D:1      | Reached ** piety under Trog
  1088 | D:1      | Reached XP level 4. HP: 11/29 MP: 4/4
  1703 | D:2      | Found a sacrificial altar of Ru.
  1766 | D:2      | Reached *** piety under Trog
  2117 | D:3      | Reached XP level 5. HP: 32/33 MP: 5/5
  2559 | D:3      | Reached XP level 6. HP: 23/39 MP: 6/6
  3174 | D:4      | Reached **** piety under Trog
  3258 | D:4      | Reached skill level 5 in Fighting
  3326 | D:4      | Found a staircase to the Ecumenical Temple.
  3385 | D:4      | Reached XP level 7. HP: 25/44 MP: 4/7
  3501 | D:4      | Noticed a fire elemental
  3503 | D:4      | Found a stormy altar of Qazlal.
  3504 | D:4      | Noticed a water elemental
  3504 | D:4      | Noticed an air elemental
  3588 | D:4      | Found Ybbuezukia's Jewellery Emporium.
  3662 | D:4      | Found a runed translucent door.
  3663 | D:4      | Noticed grumblor's ghost (amateur SpGl)
  3726 | D:5      | Entered Level 5 of the Dungeon
  3873 | D:4      | Killed grumblor's ghost
  3873 | D:4      | Reached skill level 5 in Armour
  4144 | D:5      | Noticed Eustachio
  4153 | D:5      | Reached XP level 8. HP: 30/51 MP: 2/8
  4155 | D:5      | Reached skill level 5 in Axes
  4946 | D:5      | Killed Eustachio
  5373 | D:5      | Found a runed translucent door.
  5374 | D:5      | Noticed Crazy Yiuf
  5399 | D:5      | Found a shimmering altar of Xom.
  5614 | D:5      | Killed Crazy Yiuf
  5621 | D:5      | Got a polished mace
  5622 | D:5      | Identified the +9 mace "Qenoh" {crush, rF+} (You found it
                  | on level 5 of the Dungeon)
  5878 | Temple   | Entered the Ecumenical Temple
  6296 | D:6      | Reached XP level 9. HP: 56/56 MP: 9/9
  6393 | D:6      | Reached skill level 5 in Dodging
  6798 | D:7      | Found a sand-covered staircase.
  6809 | Ossuary  | Entered an ossuary
  6843 | Ossuary  | Reached ***** piety under Trog
  6970 | D:7      | Found Xof Fiegguint's Assorted Antiques.
  7014 | D:7      | Received a gift from Trog
  7107 | D:7      | Found Ymiul's Jewellery Emporium.
  7114 | D:7      | Found Seamerph's Distillery.
  7130 | D:7      | Bought a potion of heal wounds for 70 gold pieces
  7130 | D:7      | Bought a potion of heal wounds for 70 gold pieces
  7240 | D:7      | Reached XP level 10. HP: 62/64 MP: 10/10
  7259 | D:7      | Found Decox's General Store.
  7778 | D:7      | Found Muyqih's Food Boutique.
  7976 | D:8      | HP: 3/65 [orc priest/divine providence (17)]
  8159 | D:8      | Found a stormy altar of Qazlal.
  8306 | D:8      | Found a staircase to the Lair.
  8458 | D:8      | Found a viscous altar of Jiyva.
  8544 | D:8      | Found Gusohi's Gadget Boutique.
  9174 | D:9      | Reached XP level 11. HP: 40/71 MP: 11/11
  9414 | D:9      | Found a staircase to the Orcish Mines.
  9792 | D:9      | Noticed Prince Ribbit
  9812 | D:9      | Killed Prince Ribbit
  9812 | D:9      | Reached skill level 10 in Fighting
 10020 | D:9      | Found a glowing golden altar of the Shining One.
 10021 | D:9      | Found a sparkling altar of Nemelex Xobeh.
 10024 | D:9      | Found a glowing silver altar of Zin.
 10080 | D:10     | Entered Level 10 of the Dungeon
 10114 | D:10     | Noticed Fannar
 10123 | D:10     | Killed Fannar
 10295 | D:10     | Noticed Erica
 10305 | D:10     | Killed Erica
 10305 | D:10     | Reached skill level 10 in Armour
 10347 | D:10     | Noticed a two-headed ogre
 10366 | D:10     | Killed a two-headed ogre
 10473 | D:10     | Noticed Grum
 10492 | D:10     | Killed Grum
 10516 | D:10     | Noticed Urug
 10531 | D:10     | Killed Urug
 10890 | D:10     | Noticed Erolcha
 10899 | D:10     | Killed Erolcha
 10919 | D:10     | Received a gift from Trog
 10934 | D:10     | Identified a scroll of acquirement
 10938 | D:10     | Identified the +0 battleaxe of Equilibrium {chop, MR- Str+5
                  | Int+6} (You acquired it on level 10 of the Dungeon)
 10939 | D:10     | Identified the +3 battleaxe of Hapsoa {drain, SInv} (Trog
                  | gifted it to you on level 10 of the Dungeon)
 10969 | D:10     | Reached XP level 12. HP: 76/79 MP: 12/12
 11014 | D:10     | Noticed Joseph
 11030 | D:10     | Killed Joseph
 11205 | Lair:1   | Entered Level 1 of the Lair of Beasts
 12285 | Lair:2   | HP: 3/80 [elephant (2)]
 12285 | Lair:2   | Slain by a komodo dragon

Levels and vault maps discovered:
D:1:      onia_arrival_handbag, layout_basic
D:2:      layout_basic, first_ration, nicolae_ru_path_of_blood
D:3:      layout_rooms
D:4:      layout_loops_cross, minmay_temple_entry_from_below_b, serial_shops,
          nicolae_shop_behind_doors, ebering_ghost_sewer_d,
          nicolae_qazlal_style_of_elements
D:5:      layout_loops_cross, led_xom_imps, mrwooster_statue_mirror,
          uniq_eustachio, uniq_crazy_yiuf_cottage
D:6:      layout_loops_cross
D:7:      layout_basic, nicolae_ossuary_entry_catacombs, serial_shops,
          nicolae_shop_stone, shop, shop, nicolae_shop_trees,
          nicolae_shop_statue_plus, minmay_bent
D:8:      layout_basic, erik_lair_orcish_takeover, serial_shops, shop,
          basic_altar, hangedman_little_slice_of_home
D:9:      layout_basic, minitemple, david_orc_3, wad_floor_pattern_untrapped,
          ebering_dispersal_statue_hall, uniq_prince_ribbit1
D:10:     layout_loops_ring, uniq_erica, uniq_urug, uniq_fannar, uniq_joseph,
          uniq_grum, uniq_erolcha
Temple:   hc_temple_tempest_star
Lair:1:   layout_cave_pods, chequers_serial_rivers_large_a, minivault_23,
          serial_bayou_ford_a, nicolae_quartered_pool_super
Lair:2:   layout_misc_corridors, minmay_swamp_entry_worms,
          gammafunk_ghost_necromancy, beast_lair_carwin_4

Skill      XL: |  1  2  3  4  5  6  7  8  9 10 11 12 |
---------------+-------------------------------------+-----
Axes           | 3 4 5 6 8 9 |  9.5
Dodging        | 2 3 4 5 7 8 |  8.5
Armour         | 3 4 5 6 7 9 10 11 | 11.0
Fighting       | 4 5 6 8 9 10 11 | 11.2

Action                   |  1- 3 |  4- 6 |  7- 9 | 10-12 || total
-------------------------+-------+-------+-------+-------++-------
Melee: Hand axe          |    85 |   240 |       |       ||   325
       War axe           |       |    60 |   416 |       ||   476
       Mace              |       |       |   168 |   541 ||   709
Invok: Berserk           |     2 |     3 |     9 |     7 ||    21
       Trog's Hand       |       |       |     4 |     3 ||     7
       Brothers in Arms  |       |       |       |     1 ||     1
  Use: Scroll            |       |       |    18 |    10 ||    28
       Potion            |       |       |       |     3 ||     3
 Stab: Sleeping          |     1 |       |       |       ||     1
       Invisible         |       |       |     4 |       ||     4
  Eat: Chunk             |     2 |    11 |    15 |    24 ||    52
       Ration            |       |       |     3 |     1 ||     4
Armor: Animal skin       |    34 |   117 |     8 |       ||   159
       Chain mail        |       |       |    85 |       ||    85
       Plate armour      |       |       |   854 |   722 ||  1576
Dodge: Dodged            |    89 |   238 |   541 |   251 ||  1119
Block: Shield            |       |       |    88 |   516 ||   604
       Reflection        |       |       |       |     3 ||     3
